Map: Lightshade LE

Players

黑羽快斗 (ButAlways) - Winner!

  • Race: Protoss Protoss
  • League: Grandmaster
  • Spawn Location: 5:00

Yoger

  • Race: Zerg Zerg
  • League: Master
  • Spawn Location: 11:00

Event: DreamHack SC2 Masters 2020 Winter

VOD

Have the link to the VOD?

Description

Time

  • Played on: Oct. 22, 2020, 9:51 a.m.
  • Length: 9:02

All games in this series

Show
View Real Time Build Order
Export as new Build Order

黑羽快斗 Protoss - Winner!

Build Orders: 1 Gate Expand, Oracle Opening, Phoenix Opening, Zealot Archon, Archon Drop 

Get SALT Encoding   

  12  0:00  Probe  
  13  0:12  Probe  
  14  0:20  Pylon  
  14  0:24  Probe (Chrono Boost)  
  15  0:38  Gateway  
  15  0:39  Probe (Chrono Boost)  
  16  0:46  Probe (Chrono Boost)  
  16  0:48  Assimilator  
  17  0:53  Probe  
  18  1:05  Probe  
  19  1:17  Probe  
  20  1:24  Nexus  
  20  1:34  Cybernetics Core  
  20  1:37  Probe  
  21  1:44  Assimilator  
  21  1:49  Probe  
  22  1:54  Pylon  
  22  2:01  Probe (Chrono Boost)  
  23  2:10  Adept (Chrono Boost)  
  23  2:13  Probe (Chrono Boost)  
  26  2:18  Stargate  
  26  2:22  Probe (Chrono Boost)  
  27  2:25  Warp Gate  
  27  2:30  Probe (Chrono Boost)  
  28  2:37  Adept  
  28  2:38  Probe (Chrono Boost)  
  32  2:47  Probe (Chrono Boost)  
  32  2:48  Probe (Chrono Boost)  
  33  2:53  Probe x2 (Chrono Boost)  
  35  3:00  Oracle (Chrono Boost)  
  35  3:05  Probe  
  39  3:10  Gateway  
  39  3:11  Probe  
  39  3:17  Probe  
  40  3:23  Probe  
  41  3:28  Phoenix (Chrono Boost)  
  41  3:29  Pylon, Probe  
  44  3:36  Assimilator, Probe  
  44  3:38  Assimilator  
  46  3:44  Robotics Facility  
  45  3:52  Shield Battery, Probe  
  45  3:53  Probe  
  47  4:04  Probe  
  47  4:05  Probe  
  47  4:06  Twilight Council  
  49  4:14  Adept x2  
  49  4:16  Shield Battery, Probe  
  54  4:19  Pylon  
  54  4:27  Pylon  
  54  4:36  Charge (Chrono Boost)  
  54  4:44  Warp Prism  
  54  4:45  Probe x2  
  58  4:46  Templar Archives  
  58  4:47  Gateway  
  58  4:51  Gateway  
  58  4:55  Gateway  
  58  5:00  Gateway  
  58  5:13  Pylon  
  58  5:15  Gateway  
  58  5:16  Gateway  
  58  5:31  Nexus  
  58  5:32  Pylon  
  58  5:42  High Templar x3  
  58  5:47  Archon  
  58  5:48  Pylon x2  
  64  5:50  High Templar, Zealot  
  64  5:55  Archon  
  68  5:58  Shield Battery  
  64  6:04  Zealot  
  66  6:12  Zealot  
  66  6:13  Zealot  
  66  6:14  Zealot  
  66  6:15  Zealot x2  
  76  6:23  Pylon  
  74  6:32  Zealot x3  
  67  6:50  High Templar x4  
  73  6:54  Archon  
  73  6:55  Archon  
  73  7:00  Probe  
  52  7:16  Probe (Chrono Boost)  
  52  7:19  High Templar x2  
  52  7:20  Zealot x2  
  62  7:23  Archon  
  62  7:24  Zealot  
  62  7:25  Zealot, Probe (Chrono Boost)  
  62  7:27  Probe (Chrono Boost)  
  67  7:33  Probe (Chrono Boost)  
  67  7:36  Probe (Chrono Boost)  
  69  7:41  Probe (Chrono Boost)  
  69  7:44  Probe (Chrono Boost)  
  69  7:47  Observer  
  69  7:48  Probe (Chrono Boost)  
  72  7:54  Probe x2 (Chrono Boost)  
  72  7:57  High Templar x2, Probe (Chrono Boost)  
  72  7:58  Zealot x3  
  84  7:59  Probe (Chrono Boost)  
  84  8:01  Archon  
  84  8:03  Probe  
  86  8:20  Zealot x5  
  90  8:28  Zealot  
Show
View Real Time Build Order
Export as new Build Order

Yoger Zerg 

Build Orders: Pool First 

Get SALT Encoding   

  12  0:00  Drone  
  13  0:12  Overlord  
  13  0:17  Drone  
  14  0:32  Drone x2  
  16  0:37  Drone  
  16  0:42  Extractor  
  16  0:46  Spawning Pool  
  15  0:50  Drone  
  15  0:55  Drone  
  17  1:07  Drone  
  18  1:22  Hatchery  
  17  1:26  Drone  
  18  1:33  Zergling x2  
  18  1:38  Queen  
  21  1:46  Metabolic Boost  
  21  1:52  Overlord  
  21  1:56  Drone  
  22  2:11  Drone  
  22  2:12  Drone  
  22  2:13  Queen  
  26  2:24  Drone  
  27  2:33  Zergling x2  
  28  2:41  Drone  
  28  2:42  Hatchery  
  27  2:44  Drone  
  27  2:47  Drone  
  27  2:49  Drone  
  30  2:52  Drone  
  30  2:57  Overlord  
  31  3:01  Drone  
  31  3:05  Drone  
  33  3:10  Overlord  
  33  3:13  Drone  
  33  3:16  Queen  
  33  3:19  Drone  
  37  3:21  Zergling x2  
  37  3:23  Zergling x2  
  39  3:28  Spore Crawler  
  39  3:29  Spore Crawler  
  39  3:31  Drone  
  39  3:33  Drone  
  39  3:38  Drone x2  
  39  3:41  Drone  
  42  3:45  Drone  
  43  3:53  Drone, Evolution Chamber  
  43  3:56  Drone x3  
  43  3:58  Drone  
  47  4:03  Drone x2  
  49  4:12  Overlord  
  49  4:14  Spore Crawler  
  48  4:18  Overlord  
  48  4:19  Drone  
  48  4:24  Overlord  
  49  4:25  Zerg Melee Weapons Level 1  
  49  4:27  Drone  
  49  4:28  Overlord  
  49  4:30  Queen  
  51  4:31  Drone  
  51  4:32  Drone  
  51  4:33  Drone x2  
  53  4:41  Drone x6  
  53  4:43  Drone  
  60  4:45  Drone  
  60  4:46  Drone  
  62  4:52  Extractor  
  62  4:53  Baneling Nest  
  62  4:57  Zergling x4  
  62  4:58  Zergling x6  
  65  5:02  Zergling x8  
  69  5:09  Zergling x2  
  69  5:10  Zergling x8  
  69  5:11  Queen  
  76  5:15  Zergling x2  
  76  5:20  Zergling x8  
  80  5:27  Zergling x4  
  82  5:32  Overlord  
  82  5:33  Overlord  
  82  5:34  Overlord  
  81  5:45  Overlord x2  
  81  5:48  Baneling x4  
  81  5:49  Baneling x6  
  81  5:50  Queen, Zergling x2  
  81  5:52  Zergling x14  
  81  5:53  Zergling x2  
  81  5:55  Baneling  
  81  5:56  Baneling x5  
  92  6:00  Zergling x2  
  87  6:16  Zergling x2  
  87  6:17  Zergling x16  
  79  6:31  Zergling x14  
  79  6:32  Queen  
  83  6:34  Queen  
  83  6:36  Queen  
  83  6:38  Zergling x12  
  83  6:39  Zergling x2  
  91  6:44  Baneling x8  
  90  6:47  Zergling x2  
  90  6:48  Zergling x4  
  91  6:58  Zergling x2  
  91  6:59  Zergling x4  
  87  7:03  Zergling x6  
  87  7:07  Zergling x2  
  87  7:08  Queen  
  77  7:11  Zergling x6  
  77  7:13  Lair  
  78  7:20  Drone  
  79  7:24  Overlord  
  79  7:25  Drone x3  
  79  7:29  Zergling x2  
  83  7:31  Baneling x2  
  83  7:35  Baneling x4  
  80  7:39  Zergling x6  
  76  7:44  Zergling x6  
  76  7:45  Zergling x8  
  83  7:51  Drone  
  83  7:52  Roach Warren  
  83  7:54  Extractor x2  
  83  7:56  Drone x4  
  83  7:58  Drone x2  
  87  8:03  Hatchery  
  86  8:05  Baneling  
  86  8:06  Baneling x5  
  86  8:07  Zergling x2  
  86  8:09  Queen x2  
  86  8:11  Zergling x4  
  91  8:15  Zergling x2  
  83  8:24  Zergling x10  
  83  8:29  Zergling x4  
  83  8:30  Zergling x4  
Tags
 
Add a new tag
Caveats
  • Supply blocks, unpowered buildings, or Contaminate may cause inaccurate times.
  • Supply counts are checked every 10 seconds.